 Dungeon Crawl Stone Soup version 0.28-a0-863-g8cecda6153 (webtiles) character file.

Game seed: 15375385411887074742

121 Htamos the Firebug (level 5, 0/41 HPs)
             Began as a Hill Orc Fire Elementalist on Nov 20, 2021.
             Slain by an orc (5 damage)
             ... on level 3 of the Dungeon.
             The game lasted 00:04:27 (2658 turns).

Htamos the Firebug (Hill Orc Fire Elementalist)     Turns: 2658, Time: 00:04:28

Health: 0/41       AC:  2    Str: 11    XL:     5   Next: 5%
Magic:  3/8        EV: 12    Int: 16    God:
Gold:   114        SH:  0    Dex: 11    Spells: 7/8 levels left

rFire   . . .      SeeInvis .   g - +0 falchion (pain)
rCold   . . .      Faith    .   (no shield)
rNeg    . . .      Spirit   .   a - +0 robe
rPois   .          Reflect  .   (no helmet)
rElec   .          Harm     .   (no cloak)
rCorr   .          Rampage  .   (no gloves)
Will    +....                   (no boots)
Stlth   ++........              (no amulet)
HPRegen 0.13/turn               p - ring of willpower
MPRegen 0.11/turn               (no ring)

@: slowed, very slow
A: no striking features
a: no special abilities


You were on level 3 of the Dungeon.
You visited 1 branch of the dungeon, and saw 3 of its levels.

You collected 114 gold pieces.

Inventory:

Hand Weapons
 d - a +0 hunting sling
 g - a +0 falchion of pain (weapon)
 j - a +0 club
 k - a +2 hand axe of venom
 n - a +0 war axe
 o - a +1 rapier of venom
Missiles
 e - 4 javelins
 f - 33 poisoned darts
Armour
 a - a +0 robe (worn)
 l - a +0 kite shield
Jewellery
 p - a ring of willpower (left hand)
Scrolls
 b - a scroll of immolation {unknown}
 c - 4 scrolls of identify {unknown}
 h - a scroll of blinking {unknown}
 i - 2 scrolls of teleportation {unknown}
Potions
 m - a potion of brilliance {unknown}


   Skills:
 * Level 2.0 Fighting
 + Level 2.1 Dodging
 + Level 2.3 Stealth
 + Level 2.1 Spellcasting
 + Level 2.0 Conjurations
 + Level 3.8 Fire Magic


You had 7 spell levels left.
You knew the following spells:

 Your Spells              Type           Power      Damage    Failure   Level
a - Foxfire               Conj/Fire      44%        2x1d6     6%          1

Your spell library contained the following spells:

 Spells                   Type           Power      Damage    Failure   Level
 Scorch                   Fire           26%        2d6       6%          2
 Conjure Flame            Conj/Fire      11%        6-21      19%         3
 Inner Flame              Hex/Fire       7%         N/A       28%         3
 Flame Wave               Conj/Fire      11%        3d4       52%         4


Dungeon Overview and Level Annotations

Branches:
Dungeon (3/15)

Altars:


Message History

Your foxfire dissipates!
The foxfire hits Natasha.
Natasha is severely wounded.
Natasha claws you.
* * * LOW HITPOINT WARNING * * *
Unknown command.
You hit Natasha but do no damage.
Natasha is severely wounded.
Natasha mumbles some strange words.
Natasha's front paws start to glow.
Natasha claws you.
* * * LOW HITPOINT WARNING * * *
Natasha barely misses you.
You closely miss Natasha.
Natasha is severely wounded.
Natasha mumbles some strange words.
Natasha shimmers violently.
Natasha claws you!
* * * LOW HITPOINT WARNING * * *
Natasha closely misses you.
You aren't carrying any items that you can evoke.
Unknown command.
Casting: Foxfire (safe; 6% risk of failure)
Confirm with . or Enter, or press ? or * to list all spells.
You conjure some foxfire!
* * * LOW MAGIC WARNING * * *
Natasha closely misses you.
The foxfire hits Natasha.
You kill Natasha!
Natasha screams in pain as she dies!
Your Fighting skill increases to level 2!
You have reached level 5!
You feel stronger.
The foxfire hits the orc.
The orc is heavily wounded.
The orc hits you with a +0 short sword.
* * * LOW HITPOINT WARNING * * *
The orc barely misses you. The orc hits you with a +0 short sword.
You die...

#.####....# #.#..#.#
#....#.#### #.#..#.#
######.#.# ##....#.# #...
#.#.# ......... #..#'#.#
.#..?...# #......####
o.$....h### #.#....'..#
.#.....o... #.'....##.#
......#>###
###....##@#####).....#o###
#....##o##..)......#....
#....##o##.##......#####
#######....# ......# #
###### ......# ......#
......# ......# ......#


You could see 2 orcs.

Vanquished Creatures
  Natasha (D:3)
  3 adders (D:2)
  A worm (D:2)
  2 dart slugs
  6 orcs (D:3)
  7 bats
  2 endoplasms
  5 giant cockroaches
  5 goblins
  2 hobgoblins
  A jackal (D:2)
  2 quokkas
  4 ball pythons (D:2)
  4 frilled lizards
  5 kobolds
  5 rats (D:1)
55 creatures vanquished.

Vanquished Creatures (others)
  160 foxfires
160 creatures vanquished.

Grand Total: 215 creatures vanquished

Notes
Turn   | Place    | Note
-------+----------+-------------------------------------------
     0 | D:1      | Htamos the Hill Orc Fire Elementalist began the quest for
                  | the Orb.
     0 | D:1      | Reached XP level 1. HP: 14/14 MP: 3/3
   314 | D:1      | Reached XP level 2. HP: 19/20 MP: 0/4
  1066 | D:2      | Reached XP level 3. HP: 26/26 MP: 1/5
  1620 | D:2      | Reached skill level 1 in Fighting
  1699 | D:2      | Reached XP level 4. HP: 35/35 MP: 2/6
  2058 | D:3      | Noticed Natasha
  2653 | D:3      | Killed Natasha
  2654 | D:3      | Reached XP level 5. HP: 10/41 MP: 2/8
  2658 | D:3      | Slain by an orc

Illustrated notes

Levels and vault maps discovered:
D:1:      evilmike_arrival_fibonacci_small, layout_loops_ring
D:2:      layout_rooms, minmay_indecisive_spiral
D:3:      minmay_chambers_of_threes, layout_basic, uniq_natasha

Skill      XL: |  1  2  3  4 |
---------------+-------------+-----
Stealth        | 2 |  2.3
Dodging        | 2 |  2.1
Fighting       | 1 2 |  2.0
Spellcasting   | 2 |  2.1
Conjurations   | 2 |  2.0
Fire Magic     | |  3.8

Action                   |  1- 3 |  4- 6 || total
-------------------------+-------+-------++-------
Melee: Unarmed           |     7 |       ||     7
       Club              |     2 |       ||     2
       Hand axe          |     2 |       ||     2
       Rapier            |       |    13 ||    13
       Falchion          |       |     4 ||     4
 Cast: Foxfire           |    65 |    36 ||   101
  Use: Potion            |       |     1 ||     1
 Stab: Sleeping          |     1 |     1 ||     2
Armor: Robe              |     4 |     1 ||     5
Dodge: Dodged            |    29 |    31 ||    60

Table legend: (Time is in decaauts)
 A = Elapsed time spent in this place.
 B = Non-inter-level travel time spent in this place.
 C = Inter-level travel time spent in this place.
 D = Time resting spent in this place.
 E = Time spent auto-exploring this place.
 F = Levels seen in this place.
 G = Mean time per level.
                   A        B        C        D        E       F      G
               +--------+--------+--------+--------+--------+-----+--------+
         Total |   2665 |   2587 |     78 |    203 |   1889 |   3 |  888.3 |
       Dungeon |   2665 |   2587 |     78 |    203 |   1889 |   3 |  888.3 |
               +--------+--------+--------+--------+--------+-----+--------+

Top non-repeatable levels by time:
     D:2: 1248 daAuts
     D:1: 1027 daAuts
     D:3: 389 daAuts
